 Dungeon Crawl Stone Soup version 0.24-a0-583-g87330a484a (webtiles) character file.

Game seed: 8973663567727459227, levelgen mode: deterministic

74 GordonOverkill the Firebug (level 4, -6/30 HPs)
             Began as a Barachi Fire Elementalist on Aug 28, 2019.
             Mangled by Natasha (7 damage)
             ... on level 2 of the Dungeon.
             The game lasted 00:05:32 (1391 turns).

GordonOverkill the Firebug (BaFE)                   Turns: 1391, Time: 00:05:33

Health: -6/30      AC:  3    Str:  9    XL:     4   Next: 28%
Magic:  1/8        EV: 13    Int: 17    God:
Gold:   39         SH:  0    Dex: 12    Spells: 0/8 levels left

rFire    . . .     SeeInvis .   l - +2 whip (drain)
rCold    . . .     Gourm    .   (no shield)
rNeg     . . .     Faith    .   a - +0 robe
rPois    .         Spirit   .   (no helmet)
rElec    .         Reflect  .   o - +0 cloak
rCorr    .         Harm     .   (no gloves)
MR       .....                  (no boots)
Stlth    ++........             (no amulet)
HPRegen  0.10/turn              (no ring)
MPRegen  0.11/turn              (no ring)

@: very slightly contaminated, slowed, very slow
A: +LOS, swims, slowness 1, strong legs 1
a: Hop


You were on level 2 of the Dungeon.
You were hungry.

You visited 1 branch of the dungeon, and saw 2 of its levels.

You collected 39 gold pieces.

Inventory:

Hand Weapons
 b - a +4 dagger
 e - a +0 hunting sling
 i - a +1 dagger of draining
 l - a +2 whip of draining (weapon)
 m - a +1 hand axe of electrocution
Missiles
 f - 14 stones (quivered)
 h - 22 sling bullets
Armour
 a - a +0 robe (worn)
 o - a +0 cloak (worn)
Scrolls
 d - a scroll of amnesia {unknown}
 g - 4 scrolls of teleportation {unknown}
 n - a scroll of blinking {unknown}
 r - a scroll of enchant armour {unknown}
Potions
 j - a potion of heal wounds {unknown}
 p - a potion of flight {unknown}
 q - a potion of haste {unknown}
Comestibles
 c - 3 rations


   Skills:
 - Level 3.0 Dodging
 - Level 2.0 Stealth
 + Level 2.9 Spellcasting
 + Level 2.3 Conjurations
 + Level 3.9 Fire Magic


You couldn't memorise any spells.
You knew the following spells:

 Your Spells              Type           Power        Failure   Level  Hunger
a - Flame Tongue          Conj/Fire      ##...        4%          1    #......
b - Conjure Flame         Conj/Fire      ##......     14%         3    ###....
c - Sticky Flame          Conj/Fire      ##......     43%         4    #####..

Your spell library contained the following spells:

 Spells                   Type           Power        Failure   Level  Hunger
 Throw Flame              Conj/Fire      ##....       8%          2    ##.....
 Inner Flame              Hex/Fire       #.......     24%         3    ###....
 Fireball                 Conj/Fire      ##........   80%         5    ######.


Dungeon Overview and Level Annotations

Branches:
Dungeon (2/15)

Altars:

Annotations:
D:2 Natasha


Innate Abilities, Weirdness & Mutations

Shadows flee at your approach. (+LOS)
You can swim through water.
You cover ground slowly.
You can hop short distances.


Message History

Natasha claws you but does no damage.
You barely miss Natasha.
Natasha is moderately wounded.
Natasha mewls in sadness.
Natasha claws you.
* * * LOW HITPOINT WARNING * * *
Natasha misses you.
You hit Natasha.
Natasha is severely wounded.
Natasha closely misses you.
Natasha stares at you and mumbles some strange words.
You resist with some effort.
You closely miss Natasha.
Natasha is severely wounded.
Natasha claws you!
* * * LOW HITPOINT WARNING * * *
You closely miss Natasha.
Natasha is severely wounded.
Natasha claws you!
You die...

......#..........#
......#..........#
......#..........#
......#..........#
......#..........#
......#..........#
.................#
........#######.##
........# #.@#
.).###### ##h#
...# ... ...#
..... ...# #.(....
...# #......( ...#
#........ ...+
.......... ...#
...........


You could see Natasha.

Vanquished Creatures
  2 adders (D:2)
  An ooze (D:2)
  A worm (D:2)
  4 dart slugs
  A leopard gecko (D:2)
  A giant cockroach (D:2)
  4 goblins
  2 hobgoblins
  6 jackals
  3 kobolds
  A quokka (D:2)
  7 bats
  3 frilled lizards
  4 rats
40 creatures vanquished.

Notes
Turn   | Place    | Note
-------+----------+-------------------------------------------
     0 | D:1      | GordonOverkill the Barachi Fire Elementalist began the
                  | quest for the Orb.
     0 | D:1      | Reached XP level 1. HP: 13/13 MP: 3/3
   282 | D:1      | Reached XP level 2. HP: 19/19 MP: 0/5
   623 | D:1      | Reached XP level 3. HP: 24/24 MP: 6/6
   700 | D:1      | You fall into a shaft and drop 1 floor!
   861 | D:2      | Reached XP level 4. HP: 24/30 MP: 0/8
   997 | D:2      | Learned a level 3 spell: Conjure Flame
  1002 | D:2      | Learned a level 4 spell: Sticky Flame
  1378 | D:2      | Noticed Natasha
  1390 | D:2      | HP: 1/30 [Natasha (7)]
  1391 | D:2      | Mangled by Natasha

Levels and vault maps discovered:
D:1:      elethiomel_arrival_maze, layout_basic
D:2:      layout_basic, marbit_many_paths, uniq_sigmund, uniq_natasha

Skill      XL: |  1  2  3  4 |
---------------+-------------+-----
Stealth        | 2 |  2.0
Conjurations   | 2 |  2.3
Dodging        | 3 |  3.0
Spellcasting   | |  2.9
Fire Magic     | |  3.9

Action                   |  1- 3 |  4- 6 || total
-------------------------+-------+-------++-------
Melee: Whip              |    19 |     6 ||    25
 Fire: Hunting sling     |    21 |       ||    21
Throw: Stone             |    11 |    30 ||    41
 Cast: Flame Tongue      |    39 |    19 ||    58
  Use: Potion            |     1 |       ||     1
  Eat: Chunk             |       |     2 ||     2
Armor: Robe              |    11 |     2 ||    13
Dodge: Dodged            |    39 |    10 ||    49

Table legend:
 A = Non-vault XP
 B = Vault XP
 C = Vault XP percentage of total XP
 D = Non-vault monster count
 E = Vault monster count
 F = Vault count percentage of total count
                 A         B        C        D         E       F
            +---------+---------+-------+---------+---------+-------
      Total |     106 |       0 |   0.0 |      40 |       0 |   0.0
            +---------+---------+-------+---------+---------+-------
        D:1 |      38 |       0 |   0.0 |      19 |       0 |   0.0
        D:2 |      68 |       0 |   0.0 |      21 |       0 |   0.0
            +---------+---------+-------+---------+---------+-------
